 Dungeon Crawl Stone Soup version 0.24.1 (webtiles) character file.

Game seed: 3004488552559885860, levelgen mode: deterministic

12285 Peloso the Carver (level 11, 0/95 HPs)
             Began as a Minotaur Fighter on Apr 4, 2020.
             Was a High Priest of Okawaru.
             Slain by an orc warrior
             ... wielding a +0 glaive
              (7 damage)
             ... on level 9 of the Dungeon.
             The game lasted 00:22:48 (8617 turns).

Peloso the Carver (Minotaur Fighter)                Turns: 8617, Time: 00:22:48

Health: 0/95       AC: 22    Str: 29    XL:     11   Next: 60%
Magic:  10/10      EV:  9    Int:  8    God:    Okawaru [*****.]
Gold:   767        SH: 14    Dex: 12    Spells: 10/10 levels left

rFire    + . .     SeeInvis .   b - +12 morningstar "Orb Guardian's Doom" {vamp, *Rage rF+ Int+3}
rCold    . . .     Gourm    .   c - +1 shield
rNeg     . . .     Faith    .   s - +0 plate armour
rPois    .         Spirit   .   k - +2 hat
rElec    .         Reflect  .   H - +2 cloak {MR+}
rCorr    .         Harm     .   y - +0 pair of gloves
MR       +....     Rnd*Rage +   P - +0 pair of boots {Stlth+}
Stlth    ..........             h - amulet of inaccuracy (curse)
HPRegen  0.25/turn              (no ring)
MPRegen  0.12/turn              m - +2 ring of strength

@: mighty, berserk cooldown, slowed, very slow
A: retaliatory headbutt, horns 2
a: Heroism, Finesse, Renounce Religion


You were on level 9 of the Dungeon.
You worshipped Okawaru.
Okawaru was extremely pleased with you.
You were not hungry.

You visited 2 branches of the dungeon, and saw 10 of its levels.
You also visited: Sewer and Bailey.

You collected 767 gold pieces.

Inventory:

Hand Weapons
 a - a +1 long sword
 b - the +12 morningstar "Orb Guardian's Doom" (weapon) {vamp, *Rage rF+ Int+3}
   (You found it on level 7 of the Dungeon)

   It inflicts no extra harm, but heals its wielder when it wounds a living foe.
   It affects your intelligence (+3).
   It protects you from fire.
   It may make you go berserk in combat.
Armour
 c - a +1 shield (worn)
 j - a +0 chain mail
 k - a +2 hat (worn)
 s - a +0 plate armour (worn)
 y - a +0 pair of gloves (worn)
 H - a +2 cloak of magic resistance (worn)
 P - a +0 pair of boots of stealth (worn)
Jewellery
 h - a cursed amulet of inaccuracy (around neck)
 m - a +2 ring of strength (right hand)
 o - an uncursed amulet of regeneration
 M - an uncursed ring of positive energy
 O - an uncursed ring of flight
Wands
 t - a wand of clouds (4)
 C - a wand of iceblast (12)
 D - a wand of paralysis (8)
 F - a wand of flame (17)
 G - a wand of digging (5)
 L - a wand of random effects (7)
Scrolls
 g - 6 scrolls of fear
 q - 4 scrolls of fog
 r - 5 scrolls of blinking
 v - 6 scrolls of identify
 w - 5 scrolls of amnesia
 A - 4 scrolls of teleportation
 B - a scroll of enchant armour
 E - a scroll of remove curse
 I - 2 scrolls of enchant weapon
 N - a scroll of magic mapping
Potions
 d - 3 potions of might
 e - 3 potions of haste
 i - 5 potions of magic
 n - 5 potions of curing
 p - a potion of flight
 u - a potion of invisibility
 x - 3 potions of brilliance
 z - 3 potions of berserk rage
 J - 3 potions of resistance
 K - 2 potions of experience
Comestibles
 f - 16 rations
 Q - 9 chunks of flesh


   Skills:
 + Level 8.8 Fighting
 + Level 11.5 Long Blades
 + Level 9.9 Maces & Flails
 + Level 8.6 Armour
 + Level 3.7 Dodging
 + Level 1.7 Stealth
 + Level 11.3 Shields
 + Level 0.2 Invocations


You had 10 spell levels left.
You didn't know any spells.
Your spell library contained the following spells:

 Spells                   Type           Power        Failure   Level  Hunger
 Beastly Appendage        Tmut           #.....       99%         1    ##.....
 Sticks to Snakes         Tmut           #.......     100%        2    ###....
 Spider Form              Tmut/Pois      #.........   100%        3    ####...
 Ice Form                 Ice/Tmut       #.......     100%        4    #####..
 Blade Hands              Tmut           #.........   100%        5    ######.


Dungeon Overview and Level Annotations

Branches:
Dungeon (9/15)             Temple (1/1) D:5            Lair (0/6) D:9
    Orc (0/2) D:9           Sewer (visited)          Bailey (visited)

Altars:
Gozag
Hepliaklqana
Nemelex Xobeh
Okawaru
Sif Muna
Xom
Zin
Beogh

Shops:
D:8 %

Annotations:
D:6 2 transporters, hitsuchi's ghost, novice OpEE
D:9 Destapler's ghost, journeyman TeAE


Innate Abilities, Weirdness & Mutations

You reflexively headbutt those who attack you in melee.
You have a pair of horns on your head.


Message History

You feel very mighty all of a sudden. You block Destapler's ghost's attack.
You block the orc's attack. You block the orc warrior's attack.
You miss Destapler's ghost.
Destapler's ghost is heavily damaged.
Destapler's ghost points at you and mumbles some strange words.
The zap hits you but does no damage. You block the orc's attack.
You block the orc warrior's attack. You block Destapler's ghost's attack.
You bludgeon Destapler's ghost!!
Destapler's ghost is almost destroyed.
Destapler's ghost gestures at you while chanting.
The zap hits you.
* * * LOW HITPOINT WARNING * * *
You block the orc warrior's attack.
Destapler's ghost lets out a mournful wail.
Destapler's ghost hits you but does no damage.
You barely miss Destapler's ghost.
Destapler's ghost is almost destroyed.
The orc warrior hits you from afar with a +0 glaive!
You die...

*,#...# #.##...,........,#..
*,#...######.##.#8#..8..#8#.#..
*,##..........#.###.hoo.###.#..
***,,#..........#....#####....#..
,,,,,#..........#.............#[.
,,,,,#..........######'''######..
,,,,,######.....8oo...........8##
,,,,,,,...########oo.............
,,,,,,,.........@Wooh............
,,,,,,,......#########..........#
,,,,,,,.....,* #..........#
,,,,,,,....,,* #..........#
,,,,,,,.[.,,,* #..........#
,,,,,,,##***** #.<........#
******** ############


You could see a warg, 2 orc warriors, Destapler's ghost and 2 orcs.

Vanquished Creatures
  An orc warlord (Bailey)
  Harold (D:7)
  2 two-headed ogres
  2 trolls (D:9)
  4 yaks
  A human (D:7)
  3 hogs (D:7)
  2 basilisks (D:9)
  Menkaure (D:7)
  3 porcupines (D:9)
  18 orc warriors
  An ice beast (D:5)
  2 sky beasts
  A black bear (D:9)
  2 necrophages
  2 phantoms
  8 ogres
  A centaur (D:9)
  3 crocodiles (D:9)
  11 big kobolds
  6 bullfrogs
  5 gnoll sergeants (D:9)
  A water moccasin zombie (D:7)
  4 scorpions
  A water moccasin skeleton (D:5)
  6 killer bees
  An electric eel (D:9)
  3 howler monkeys (D:9)
  A centaur zombie (D:6)
  4 crimson imps
  2 bullfrog zombies (D:5)
  A quasit (D:6)
  5 orc priests
  Crazy Yiuf (D:7)
  2 hounds (D:6)
  A jelly (D:8)
  2 bullfrog skeletons
  A centaur skeleton (D:9)
  2 orc wizards
  5 iguanas
  5 worker ants
  A hound zombie (D:9)
  10 gnolls
  9 adders
  A howler monkey skeleton (D:7)
  2 river rats (Sewer)
  2 shadow imps
  2 oozes (Sewer)
  2 adder skeletons
  A worm (Sewer)
  3 dart slugs
  14 leopard geckos
  30 orcs
  11 giant cockroaches
  18 hobgoblins
  6 jackals
  4 quokkas
  A ball python (Sewer)
  6 bats
  8 frilled lizards
  32 goblins
  18 kobolds
  A leopard gecko zombie (D:5)
  10 rats
  2 fungi (D:7)
  A plant (D:1)
323 creatures vanquished.

Vanquished Creatures (others)
  A fungus (D:9)
  3 plants (D:9)
4 creatures vanquished.

Grand Total: 327 creatures vanquished

Notes
Turn   | Place    | Note
-------+----------+-------------------------------------------
     0 | D:1      | Peloso the Minotaur Fighter began the quest for the Orb.
     0 | D:1      | Reached XP level 1. HP: 19/19 MP: 0/0
    86 | D:1      | Reached XP level 2. HP: 19/27 MP: 1/1
   724 | D:1      | Reached XP level 3. HP: 30/33 MP: 2/2
  1800 | D:2      | Found a shimmering blue altar of Sif Muna.
  1887 | D:2      | Reached XP level 4. HP: 36/40 MP: 3/3
  1995 | D:3      | Reached skill level 1 in Dodging
  2176 | D:3      | Found a glowing drain.
  2193 | Sewer    | Entered a sewer
  2225 | Sewer    | Noticed a big kobold
  2235 | Sewer    | Killed a big kobold
  2235 | Sewer    | Reached skill level 5 in Shields
  2235 | Sewer    | Reached XP level 5. HP: 46/46 MP: 4/4
  2474 | Sewer    | Reached skill level 5 in Armour
  2474 | Sewer    | Reached XP level 6. HP: 52/52 MP: 5/5
  2532 | Sewer    | Reached skill level 5 in Long Blades
  4017 | D:5      | Entered Level 5 of the Dungeon
  4033 | D:5      | Reached XP level 7. HP: 60/60 MP: 6/6
  4322 | D:5      | Reached skill level 1 in Stealth
  4355 | D:5      | Found a staircase to the Ecumenical Temple.
  4377 | D:5      | Reached XP level 8. HP: 67/67 MP: 7/7
  4397 | Temple   | Entered the Ecumenical Temple
  4418 | Temple   | Became a worshipper of Warmaster Okawaru
  4445 | D:5      | Reached skill level 5 in Fighting
  4687 | D:6      | Reached * piety under Okawaru
  5233 | D:6      | Reached XP level 9. HP: 38/75 MP: 8/8
  5270 | D:6      | Noticed hitsuchi's ghost (novice OpEE)
  5293 | D:6      | Found a transporter.
  5297 | D:6      | Found a transporter.
  5366 | D:6      | Found an opulent altar of Gozag.
  5428 | D:6      | Reached ** piety under Okawaru
  5839 | D:7      | Reached skill level 10 in Long Blades
  5936 | D:7      | Noticed Menkaure
  5941 | D:7      | Killed Menkaure
  5963 | D:7      | Got a pitted morningstar
  5966 | D:7      | Identified the +12 morningstar "Orb Guardian's Doom" {vamp,
                  | *Rage rF+ Int+3} (You found it on level 7 of the Dungeon)
  6037 | D:7      | Noticed Harold
  6049 | D:7      | Killed Harold
  6049 | D:7      | Reached *** piety under Okawaru
  6049 | D:7      | Reached skill level 1 in Maces & Flails
  6227 | D:7      | Reached XP level 10. HP: 86/86 MP: 9/9
  6317 | D:7      | Found a runed translucent door.
  6318 | D:7      | Noticed Crazy Yiuf
  6322 | D:7      | Killed Crazy Yiuf
  6373 | D:8      | Noticed a two-headed ogre
  6377 | D:8      | Killed a two-headed ogre
  6377 | D:8      | Reached **** piety under Okawaru
  6681 | D:8      | Found Jenuoth's Food Shoppe.
  7086 | D:9      | Found a flagged portal.
  7108 | D:9      | Reached ***** piety under Okawaru
  7108 | D:9      | Reached skill level 5 in Maces & Flails
  7139 | Bailey   | Entered a bailey
  7203 | Bailey   | Received a gift from Okawaru
  7329 | Bailey   | Reached skill level 10 in Shields
  7610 | Bailey   | Noticed an orc warlord
  7630 | Bailey   | Killed an orc warlord
  7630 | Bailey   | Reached XP level 11. HP: 94/94 MP: 7/10
  7950 | D:9      | Found a staircase to the Lair.
  8175 | D:9      | Noticed a two-headed ogre
  8184 | D:9      | Killed a two-headed ogre
  8184 | D:9      | Received a gift from Okawaru
  8372 | D:9      | Found a staircase to the Orcish Mines.
  8562 | D:9      | Found a runed translucent gate.
  8563 | D:9      | Found a runed translucent gate.
  8564 | D:9      | Found a runed translucent gate.
  8571 | D:9      | Noticed Destapler's ghost (journeyman TeAE)
  8576 | D:9      | Found a roughly hewn altar of Beogh.
  8617 | D:9      | Slain by an orc warrior

Levels and vault maps discovered:
D:1:      eino_arrival_cavern_e, layout_loops_corners, serial_forest,
          infiniplex_forest_lined_room_3, infiniplex_forest_end_3,
          infiniplex_forest_straight_4, infiniplex_forest_end_2,
          infiniplex_forest_clump_double, infiniplex_forest_pool,
          infiniplex_forest_end_3
D:2:      layout_loops_ring, marbit_many_paths, first_ration
D:3:      layout_loops_ring, gup_sewer_entry_pipe, minivault_5
D:4:      layout_basic
D:5:      layout_basic, minmay_temple_entry_waves
D:6:      layout_loops_ring, gammafunk_ghost_smash, nicolae_gozag_seed_capital
D:7:      layout_rooms, grunt_livestock, uniq_harold, uniq_menkaure,
          uniq_crazy_yiuf_cottage
D:8:      layout_loops_ring, serial_shops, nicolae_shop_waterfront, st_stairs_13
D:9:      statuecave_lemuel, layout_irregular_city, minmay_lair_entry_grove,
          kennysheep_orc_monster_closet_entryway, biasface_ghost_orc_armoury,
          enter_bailey_3, minmay_stone_trees_small
Temple:   minmay_crystal_snake_temple

Skill      XL: |  1  2  3  4  5  6  7  8  9 10 11 |
---------------+----------------------------------+-----
Armour         | 4 5 6 7 8 |  8.6
Shields        | 4 5 6 7 9 10 11 | 11.3
Fighting       | 4 5 7 8 |  8.8
Long Blades    | 3 4 5 7 9 11 | 11.5
Dodging        | 1 2 3 |  3.7
Stealth        | 1 |  1.7
Maces & Flails | 2 7 9 |  9.9
Invocations    | |  0.2

Action                   |  1- 3 |  4- 6 |  7- 9 | 10-12 || total
-------------------------+-------+-------+-------+-------++-------
Melee: Long sword        |   149 |   239 |   264 |       ||   652
       Headbutt          |    30 |    34 |    47 |    80 ||   191
       Morningstar       |       |       |    15 |   402 ||   417
Invok: Heroism           |       |       |     1 |     1 ||     2
  Use: Potion            |     3 |     3 |     1 |     3 ||    10
       Scroll            |       |     8 |     4 |     5 ||    17
  Eat: Chunk             |     2 |     4 |     9 |     9 ||    24
       Ration            |       |     1 |       |       ||     1
Armor: Scale mail        |    27 |       |       |       ||    27
       Chain mail        |    51 |    90 |   111 |   111 ||   363
       Plate armour      |       |       |       |   104 ||   104
Dodge: Dodged            |    29 |    44 |    70 |   144 ||   287
Block: Shield            |    70 |   130 |   136 |   341 ||   677
       Rpst.: Long sword |     8 |    10 |    18 |       ||    36
